 Dungeon Crawl Stone Soup version 0.18-a0-1542-g9c1a92e (webtiles) character file.

327 M4edhros the Sneak (level 6, -7/42 HPs)
             Began as an Octopode Chaos Knight on Mar 10, 2016.
             Mangled by a worker ant (8 damage)
             ... on level 3 of the Dungeon.
             The game lasted 00:12:52 (14004 turns).

M4edhros the Sneak (Octopode Chaos Knight)         Turns: 14004, Time: 00:12:52

Health: -7/42      AC:  1    Str:  9 (11) XL:     6   Next: 50%
Magic:  6/6        EV: 15    Int: 12 (15) God:    Xom [.....*]
Gold:   119        SH:  0    Dex: 15 (17) Spells: 0 memorised, 5 levels left

rFire  . . .     SeeInvis .     a - +0 spear (chaos)
rCold  . . .     Gourm    .     (no shield)
rNeg   . . .     Faith    .     (helmet restricted)
rPois  .         Spirit   .     (no amulet)
rElec  .         Dismiss  .     c - ring of stealth
rCorr  .         Reflect  .     d - ring of wizardry
SustAt .         Harm     .     (no ring)
MR     .....     Clarity  +     (no ring)
Stlth  ++++++....               (no ring)
                                (no ring)
                                (no ring)
                                (no ring)

@: lethally poisoned (-7 -> -9), flying, very slightly contaminated, hasted,
invisible, very quick, not resistant to hostile enchantments, very stealthy
A: almost no armour, amphibious, 8 rings, constrict 8, fangs 1, tentacle spike
1, repulsion field 1, camouflage 1, agile 2, blink, clarity, sense surroundings
1, gelatinous body 1, MP-powered wands
a: Blink, Renounce Religion


You were on level 3 of the Dungeon.
You worshipped Xom.
You were Xom's teddy bear.
You were very hungry.

You visited 1 branch of the dungeon, and saw 3 of its levels.

You collected 119 gold pieces.

Inventory:

Hand Weapons
 a - a +0 spear of chaos (weapon)
 m - a +0 blowgun
 p - a +0 greatsling
Missiles
 o - 3 poisoned needles
 q - 185 stones (quivered)
 v - 15 sling bullets of flame
Jewellery
 c - a ring of stealth (left tentacle)
 d - a ring of wizardry (right tentacle)
Wands
 r - a wand of slowing (21/48)
Scrolls
 e - a scroll of remove curse {unknown}
 f - a scroll of random uselessness {unknown}
 h - a scroll of identify {unknown}
 i - a scroll of recharging {unknown}
 l - a scroll of teleportation {unknown}
 s - 2 scrolls of amnesia {unknown}
 t - a scroll of enchant armour {unknown}
 x - a scroll of fear {unknown}
 y - a scroll of fog {unknown}
Comestibles
 b - 2 bread rations


   Skills:
 - Level 3.0 Fighting
 - Level 3.0 Polearms
 + Level 3.4 Slings
 - Level 2.3 Dodging
 + Level 7.3 Stealth


You had 5 spell levels left.
You didn't know any spells.

Dungeon Overview and Level Annotations

Branches:
Dungeon (3/15)

Altars:
Xom


Innate Abilities, Weirdness & Mutations

You cannot wear most types of armour.
You are amphibious.
You can wear up to eight rings at the same time.
You can use your tentacles to constrict eight enemies at once.
Your skin changes colour to match your surroundings (Stealth).
Your rubbery body absorbs attacks (AC +1).
You have very sharp teeth.
One of your tentacles bears a spike.
You are surrounded by a mild repulsion field (EV +2).
You are very agile. (Dex +4)
You can translocate small distances at will.
You possess an exceptional clarity of mind.
You passively map a small area around you.
You expend magic power (3 MP) to strengthen your wands.


Message History

Drink which item? (? for menu, Esc to quit)
It was a potion of degeneration.
There was something very wrong with that liquid.
You feel weakened.
You feel dopey.
You feel clumsy.
Xom thinks this is hilarious!
Drink which item? (? for menu, Esc to quit)
It was a potion of flight.
You feel very buoyant.
You fly up into the air.
* * * LOW HITPOINT WARNING * * *
You feel sick.
Drink which item? (? for menu, Esc to quit)
It was a potion of invisibility.
You fade into invisibility!
Something barely misses you.
You are very lightly contaminated with residual magic.
Drink which item? (? for menu, Esc to quit)
It was a potion of haste.
You feel yourself speed up. Something completely misses you.
Something bites you!
You die...

#........# # #........#
### #........# *####..
#....<...# #####..#
#####...## #######.##
#......(.#####.........
#..............#####..#
#....................##
#.....@..###...######..
#.......>....#.####....
#.........####.#....##.
#.........# #.....#...
#.........####.........
#......)..#......#.§§##
#####..##.>........#§.§
#..####....)..####§
#..# #...#..####..


There were no monsters in sight!

Vanquished Creatures
  A crimson imp (D:3)
  An orc priest (D:3)
  2 orc wizards (D:3)
  Terence (D:2)
  8 adders
  3 oozes
  3 worms
  A dart slug (D:1)
  3 giant geckos
  4 orcs (D:3)
  9 bats
  9 giant cockroaches
  15 goblins
  9 hobgoblins
  9 jackals
  11 kobolds
  2 quokkas (D:2)
  4 giant newts
  12 rats
107 creatures vanquished.

Vanquished Creatures (others)
  An orc (D:3)
1 creature vanquished.

Grand Total: 108 creatures vanquished

Notes
Turn   | Place    | Note
--------------------------------------------------------------
     0 | D:1      | M4edhros the Octopode Chaos Knight began the quest for the Orb.
     0 | D:1      | Reached XP level 1. HP: 16/16 MP: 1/1
    75 | D:1      | Reached skill level 1 in Stealth
    75 | D:1      | XOM: divination: detect items
   151 | D:1      | Reached skill level 2 in Stealth
   306 | D:1      | XOM: divination: magic mapping
   722 | D:1      | XOM is BORED!
   722 | D:1      | XOM: silly message
  1002 | D:1      | XOM: mild Pois miscast
  1141 | D:1      | Reached XP level 2. HP: 9/21 MP: 2/2
  1444 | D:1      | XOM: mild Erth miscast
  1779 | D:1      | Reached skill level 3 in Stealth
  2348 | D:1      | XOM: 2-stop teleportation journey
  2404 | D:1      | XOM: vitrification
  2642 | D:1      | XOM: silly message
  2760 | D:1      | Reached XP level 3. HP: 23/26 MP: 3/3
  2928 | D:1      | XOM: mild Divn miscast
  3630 | D:2      | XOM: harmless Tloc miscast
  3697 | D:2      | XOM: 2-stop teleportation journey
  3700 | D:2      | Reached skill level 4 in Stealth
  3784 | D:2      | XOM: colour smoke trail
  3978 | D:2      | XOM: mild Erth miscast
  4882 | D:2      | Reached skill level 5 in Stealth
  4882 | D:2      | Reached XP level 4. HP: 27/31 MP: 4/4
  5507 | D:1      | XOM: god gift: greatsling {god gift}
  5548 | D:1      | XOM: silly message
  5657 | D:1      | XOM: divination: detect creatures
  5730 | D:2      | XOM: noise
  5746 | D:2      | Noticed Terence
  5754 | D:2      | Killed Terence
  5754 | D:2      | Reached skill level 1 in Slings
  5986 | D:2      | XOM: 8-stop teleportation journey
  6715 | D:2      | XOM: noise
  6728 | D:2      | Reached XP level 5. HP: 34/36 MP: 5/5
  6761 | D:2      | Reached skill level 6 in Stealth
  7255 | D:2      | XOM: harmless Necr miscast
  7499 | D:2      | XOM: god gift: scroll labeled EVUMEW KOCE
  7700 | D:2      | XOM: cast spell 'Necromutation'
  7860 | D:3      | XOM: give mutation
  7860 | D:3      | Gained mutation: Your mind is acute. (Int +2) [Xom's grace]
  8217 | D:3      | XOM: god gift: scroll labeled EZXY PYTONOPP
  8644 | D:3      | XOM: enchant monster (good)
  8840 | D:3      | XOM: scenery: create altars
  9010 | D:3      | XOM: harmless Summ miscast
  9047 | D:3      | XOM: colour smoke trail
  9104 | D:3      | XOM is BORED!
  9104 | D:3      | XOM: mild Ice miscast
  9668 | D:3      | XOM: harmless Erth miscast
 10059 | D:2      | XOM: harmless Air miscast
 10213 | D:3      | Reached XP level 6. HP: 42/42 MP: 6/6
 10294 | D:2      | XOM: mild Tloc miscast
 10345 | D:2      | XOM: give mutations
 10345 | D:2      | Gained mutation: You expend magic power (3 MP) to strengthen your wands. [Xom's mischief]
 10345 | D:2      | Gained mutation: You are frail (-10% HP). [Xom's mischief]
 10345 | D:2      | Lost mutation: You are frail (-10% HP). [Xom's mischief]
 10345 | D:2      | Lost mutation: Your mind is acute. (Int +2) [Xom's mischief]
 10444 | D:2      | XOM: vitrification
 10802 | D:2      | XOM: silly message
 10840 | D:2      | XOM: god gift: 15 sling bullets of flame
 11700 | D:2      | Noticed a tengu conjurer
 12107 | D:3      | XOM: give mutation
 12107 | D:3      | Gained mutation: One of your tentacles bears a spike. [Xom's grace]
 12142 | D:3      | Reached skill level 7 in Stealth
 12143 | D:3      | XOM: destruction
 12159 | D:3      | XOM: smoke on damage
 12691 | D:3      | XOM: medium Divn miscast
 12739 | D:3      | XOM: give mutations
 12739 | D:3      | Gained mutation: You can translocate small distances at will. [Xom's grace]
 12739 | D:3      | Gained mutation: You are agile. (Dex +2) [Xom's grace]
 12739 | D:3      | Gained mutation: You possess an exceptional clarity of mind. [Xom's grace]
 13083 | D:3      | XOM: give mutation
 13083 | D:3      | Gained mutation: You are very agile. (Dex +4) [Xom's grace]
 13244 | D:3      | XOM: vitrification
 13704 | D:3      | XOM: god gift: encrusted peridot ring {god gift}
 13771 | D:3      | XOM: divination: detect items
 13840 | D:3      | XOM: give mutations
 13840 | D:3      | Gained mutation: You are surrounded by a mild repulsion field (EV +2). [Xom's grace]
 13840 | D:3      | Gained mutation: You passively map a small area around you. [Xom's grace]
 13840 | D:3      | Gained mutation: You have very sharp teeth. [Xom's grace]
 13987 | D:3      | XOM: smoke on damage
 14002 | D:3      | HP: 1/42 [poisoned by a worker ant]
 14004 | D:3      | Mangled by a worker ant

Vault maps used:
D:1:      minmay_arrival_cross
D:2:      uniq_terence

Skill      XL: |  1  2  3  4  5  6 |
---------------+-------------------+-----
Stealth        | 2 3 5 6 7 |  7.3
Slings         | 1 2 3 |  3.4
Fighting       | |  3.0
Polearms       | |  3.0
Dodging        | |  2.3

Action                   |  1- 3 |  4- 6 || total
-------------------------+-------+-------++-------
Melee: Spear             |    87 |   189 ||   276
 Fire: Greatsling        |       |     9 ||     9
 Abil: Blink             |       |     2 ||     2
Evoke: Wand              |       |     1 ||     1
  Use: Potion            |       |     7 ||     7
 Stab: Sleeping          |    14 |    12 ||    26
       Distracted        |     2 |     3 ||     5
       Paralysed         |     1 |     5 ||     6
       Petrifying        |     1 |     2 ||     3
       Petrified         |     1 |     1 ||     2
  Eat: Chunk             |    11 |    19 ||    30
       Bread ration      |       |     2 ||     2
